[Event "Early Titled Tuesday Blitz | February 8 2022"]
[White "Dylag, Emilia"]
[Black "Zarnicki, Pablo"]
[WhiteFideId "21805172"]
[BlackFideId "100137"]
[WhiteElo "1932"]
[BlackElo "2467"]
[Result "0-1"]
[Round "07"]
[TimeControl "180+1"]
[Date "2022.02.08"]
[WhiteClock "0:00:02"]
[BlackClock "0:00:15"]

1. d4 Nf6 2. c4 g6 3. Nc3 Bg7 4. e4 d6 5. Be2 O-O 6. Nf3 e5 7. O-O Nc6 8. d5 Nd4 9. Nxd4 exd4 10. Qxd4 Re8 11. Qd3 Nd7 12. f4 Nc5 13. Qf3 f5 14. e5 dxe5 15. fxe5 Bxe5 16. Bh6 Qh4 17. Bf4 Bd7 18. g3 Qf6 19. Rfe1 Ne4 20. Bxe5 Rxe5 21. Rad1 Rae8 22. c5 Nxc5 23. Qf2 b6 24. d6 cxd6 25. Nd5 Qf7 26. Nc7 R8e7 27. Rxd6 Ne4 28. Qd4 Nxd6 29. Qxd6 Rxe2 30. Rd1 Re1+ 31. Rxe1 Rxe1+ 32. Kf2 Re7 33. Nd5 Re6 34. Qb8+ Kg7 35. Qf4 Bc6 36. Ne3 Qe7 37. Qd4+ Qf6 38. Nc4 Qxd4+ 0-1


[Site "https://www.chess.com"]

[Event "Early Titled Tuesday Blitz | February 8 2022"]
[White "Dzhaparov, Medet"]
[Black "Thomas, Anysia"]
[WhiteFideId "13803689"]
[BlackFideId "670472"]
[WhiteElo "1702"]
[BlackElo "2002"]
[Result "0-1"]
[Round "07"]
[TimeControl "180+1"]
[Date "2022.02.08"]
[WhiteClock "0:01:52"]
[BlackClock "0:01:34"]

1. e4 c5 2. Nf3 g6 3. d4 cxd4 4. Nxd4 Nc6 5. Nc3 Bg7 6. Be3 Nf6 7. Bc4 O-O 8. O-O Nxe4 9. Nxe4 d5 10. Nxc6 bxc6 11. Bd3 dxe4 12. Bxe4 Qc7 13. c3 Rb8 14. Rb1 Ba6 15. Re1 Rfd8 16. Qf3 Bc4 17. b3 Bd5 18. c4 Bxe4 19. Qxe4 Rb7 20. Bf4 Qd7 21. Qf3 Qf5 22. Qxc6 Rbd7 23. Bg3 Rd2 24. Rxe7 Qxb1+ 0-1


[Site "https://www.chess.com"]

[Event "Early Titled Tuesday Blitz | February 8 2022"]
[White "Estrada Nieto, Julian"]
[Black "Volkov, Maksim"]
[WhiteFideId "5101018"]
[BlackFideId "54123070"]
[WhiteElo "2246"]
[BlackElo "2081"]
[Result "0-1"]
[Round "07"]
[TimeControl "180+1"]
[Date "2022.02.08"]
[WhiteClock "0:00:11"]
[BlackClock "0:00:19"]

1. e4 c5 2. Nf3 d6 3. Bb5+ Nd7 4. d4 cxd4 5. Qxd4 a6 6. Bxd7+ Bxd7 7. Nc3 Nf6 8. Bg5 e6 9. O-O-O h6 10. Bh4 g5 11. Bg3 e5 12. Nxe5 dxe5 13. Bxe5 Be7 14. Nd5 Nxd5 15. Bxh8 Nf4 16. Kb1 Ne6 17. Qd2 Qc7 18. Be5 Qxe5 19. Qxd7+ Kf8 20. Qd5 Qc7 21. Qd7 Qb6 22. h4 gxh4 23. Qd2 Kg7 24. f4 Qb4 25. Qxb4 Bxb4 26. Rxh4 Re8 27. c3 Be7 28. Rg4+ Kf6 29. Rh1 Bf8 30. Rh5 Rd8 31. Kc2 b5 32. Rf5+ Ke7 33. Rg8 Rc8 34. a3 Nd4+ 35. Kd3 Nxf5 36. exf5 Kf6 37. g4 Rd8+ 38. Kc2 Be7 39. Rxd8 Bxd8 40. Kd3 h5 41. gxh5 Kxf5 42. h6 Bf6 43. h7 Kxf4 44. b3 Kf5 45. c4 bxc4+ 46. bxc4 Kg6 47. c5 Kxh7 48. c6 Be5 49. Kc4 f5 50. Kd5 Bb8 51. Ke6 f4 52. Kd7 f3 53. Kc8 Be5 54. c7 f2 55. Kb7 Bxc7 56. Kxc7 f1=Q 0-1


[Site "https://www.chess.com"]

[Event "Early Titled Tuesday Blitz | February 8 2022"]
[White "Ezat, Mohamed"]
[Black "Cunjalo, Faris"]
[WhiteFideId "10600906"]
[BlackFideId "14410710"]
[WhiteElo "2386"]
[BlackElo "2263"]
[Result "1/2-1/2"]
[Round "07"]
[TimeControl "180+1"]
[Date "2022.02.08"]
[WhiteClock "0:01:42"]
[BlackClock "0:00:41"]

1. d4 Nf6 2. c4 c5 3. d5 g6 4. Nc3 Bg7 5. e4 d6 6. Be2 O-O 7. Bg5 e6 8. Qd2 Re8 9. Nf3 exd5 10. exd5 Bg4 11. O-O Bxf3 12. Bxf3 Nbd7 13. a4 Ne5 14. Be2 Qa5 15. h3 Qb4 16. b3 Ned7 17. Rfe1 Ne4 18. Nxe4 Rxe4 19. Qxb4 cxb4 20. Bd3 Bxa1 21. Bxe4 Bc3 22. Re2 Re8 23. Bd3 Rxe2 24. Bxe2 Nc5 25. Bd1 Bd4 26. Kf1 Kf8 27. Bf4 Ke7 28. Bc2 h5 29. Ke2 a5 30. g4 hxg4 31. hxg4 Nd7 32. Bg5+ Bf6 33. Be3 Bc3 34. Bg5+ Bf6 35. Be3 b6 36. f4 Bg7 37. f5 gxf5 38. Bxf5 Nc5 39. Bxc5 bxc5 40. Kd3 Be5 41. Ke4 Kf6 42. Bd7 Kg5 43. Kf3 f6 44. Bf5 Kh4 45. Be6 Kg5 46. Bf5 Kh6 47. Be6 Kg5 48. Bf5 1/2-1/2


[Site "https://www.chess.com"]

[Event "Early Titled Tuesday Blitz | February 8 2022"]
[White "FGHSMN"]
[Black "Harshavardhan G B"]
[BlackFideId "25059009"]
[WhiteElo "2773"]
[BlackElo "1831"]
[Result "0-1"]
[Round "07"]
[TimeControl "180+1"]
[Date "2022.02.08"]
[WhiteClock "0:00:03"]
[BlackClock "0:00:05"]

1. b3 e5 2. Bb2 Nc6 3. c4 g6 4. e3 Bg7 5. Nf3 d6 6. Nc3 Nge7 7. d4 O-O 8. Be2 Bg4 9. d5 Nb8 10. O-O Nd7 11. b4 Bxf3 12. Bxf3 f5 13. e4 Nf6 14. Qb3 h5 15. c5 h4 16. h3 g5 17. exf5 Nxf5 18. Ne4 Nxe4 19. Bxe4 Qf6 20. Rac1 a5 21. b5 Nd4 22. Bxd4 exd4 23. b6 cxb6 24. c6 Qf4 25. Bf3 Be5 26. Rfe1 Rae8 27. Kf1 Qh2 28. Rcd1 Bf4 29. Re6 bxc6 30. dxc6 Kg7 31. c7 g4 32. Bxg4 Qh1+ 33. Ke2 Qxg2 34. Qf3 Qxf3+ 35. Kxf3 Bg5+ 36. Kg2 Rc8 37. Rxd4 Rxc7 38. Rdxd6 Rf6 39. Rxf6 Bxf6 40. Rxb6 Rc2 41. Be6 Bd4 42. Rb7+ Kf6 43. Bb3 Rxf2+ 44. Kh1 Rd2 45. Rb5 Rd3 46. Kg2 Rg3+ 47. Kh2 Bg1+ 48. Kh1 Be3 49. Kh2 Bf4 50. Kh1 Rxh3+ 51. Kg2 Rg3+ 52. Kh1 Bc7 53. Rh5 h3 54. Rh7 Be5 55. Rh6+ Kg5 56. Rh7 Re3 57. Be6 Re1# 0-1


[Site "https://www.chess.com"]

[Event "Early Titled Tuesday Blitz | February 8 2022"]
[White "Fajdetic, Hrvoje"]
[Black "Varney, Zoe"]
[WhiteFideId "14501945"]
[BlackFideId "436135"]
[WhiteElo "2140"]
[BlackElo "1808"]
[Result "1-0"]
[Round "07"]
[TimeControl "180+1"]
[Date "2022.02.08"]
[WhiteClock "0:00:21"]
[BlackClock "0:00:05"]

1. d4 d5 2. Bf4 Nf6 3. e3 c5 4. Nc3 e6 5. Nb5 Na6 6. Nf3 Be7 7. c3 O-O 8. a4 Bd7 9. Be2 Nh5 10. Be5 f6 11. Bg3 Nxg3 12. hxg3 Nc7 13. Bd3 c4 14. Bxh7+ Kf7 15. Qc2 f5 16. Ne5+ Kf6 17. g4 Nxb5 18. f4 g5 19. fxg5+ Kg7 20. axb5 Bxg5 21. gxf5 exf5 22. g4 Bh4+ 23. Kd1 Kxh7 24. Nf3 Kg7 25. Nxh4 Rf6 26. gxf5 Rh6 27. Qg2+ Kh7 28. Qxd5 Rxh4 29. Rxh4+ Qxh4 30. Qxd7+ Kh6 31. Qe6+ Kh7 32. Qxc4 Qh1+ 33. Kc2 Qxa1 34. Qf7+ Kh8 35. Qh5+ Kg8 36. Qg6+ Kf8 37. f6 Qa4+ 38. Kd2 1-0


[Site "https://www.chess.com"]

[Event "Early Titled Tuesday Blitz | February 8 2022"]
[White "Farmani Anosheh, Armin"]
[Black "Coto Mederos, Michel"]
[WhiteFideId "24613240"]
[BlackFideId "3508528"]
[WhiteElo "2289"]
[BlackElo "2427"]
[Result "0-1"]
[Round "07"]
[TimeControl "180+1"]
[Date "2022.02.08"]
[WhiteClock "0:00:03"]
[BlackClock "0:00:17"]

1. d4 d5 2. c4 e6 3. Nf3 Nf6 4. g3 Bb4+ 5. Bd2 Be7 6. Bg2 O-O 7. O-O Nbd7 8. Qc2 Ne4 9. cxd5 exd5 10. Bf4 c6 11. Nc3 Ndf6 12. Rad1 Bf5 13. Qb3 Qb6 14. Nh4 Qxb3 15. axb3 Bg4 16. f3 Nxc3 17. bxc3 Be6 18. Bc1 Nd7 19. Bh1 Bxh4 20. gxh4 Rfe8 21. Kf2 Bf5 22. Rd2 a5 23. Ra2 b5 24. Bf4 a4 25. Rfa1 Nb6 26. e4 axb3 27. Rxa8 Rxa8 28. Rxa8+ Nxa8 29. Bc1 Be6 30. e5 Nb6 31. f4 Nc4 32. f5 Bxf5 33. Bf3 b2 34. Bxb2 Nxb2 0-1


[Site "https://www.chess.com"]

[Event "Early Titled Tuesday Blitz | February 8 2022"]
[White "Fernandez, Michael"]
[Black "Budrewicz, Krzysztof"]
[WhiteFideId "5803560"]
[BlackFideId "1127950"]
[WhiteElo "2110"]
[BlackElo "2248"]
[Result "0-1"]
[Round "07"]
[TimeControl "180+1"]
[Date "2022.02.08"]
[WhiteClock "0:00:52"]
[BlackClock "0:01:41"]

1. e4 g6 2. d4 Bg7 3. Nc3 c5 4. dxc5 Bxc3+ 5. bxc3 Nc6 6. Bd3 Qa5 7. Ne2 Qxc5 8. O-O Nf6 9. Bh6 Rg8 10. Nd4 d6 11. Nxc6 bxc6 12. h3 g5 13. Qd2 Rg6 14. e5 Rxh6 15. exf6 exf6 16. Rfe1+ Kf8 17. Qe2 Be6 18. Qf3 Kg7 19. Re3 Rh4 20. Rae1 Re8 21. g3 Rxh3 22. Bf5 Bd5 23. Be4 Bxe4 24. Rxe4 Re5 25. Kg2 Rh6 26. Qe2 Qd5 27. Qf3 Rg6 28. Ra4 Qxf3+ 29. Kxf3 Rxe1 0-1


[Site "https://www.chess.com"]

[Event "Early Titled Tuesday Blitz | February 8 2022"]
[White "Gabdrakhmanov, Azat"]
[Black "Dobre, Claudiu-Cristian"]
[WhiteFideId "34189197"]
[BlackFideId "1211854"]
[WhiteElo "2279"]
[BlackElo "2207"]
[Result "1/2-1/2"]
[Round "07"]
[TimeControl "180+1"]
[Date "2022.02.08"]
[WhiteClock "0:00:06"]
[BlackClock "0:00:05"]

1. e4 Nc6 2. Nf3 d6 3. d4 Nf6 4. d5 Ne5 5. Nxe5 dxe5 6. Nc3 e6 7. Bb5+ Bd7 8. Qe2 c6 9. dxc6 Bxc6 10. Bxc6+ bxc6 11. Qc4 Qb6 12. Be3 Qb7 13. h3 Be7 14. O-O O-O 15. b3 Qb4 16. f3 Qxc4 17. bxc4 Nd7 18. Rfd1 Bc5 19. Bxc5 Nxc5 20. Rd6 Rfc8 21. Rb1 Kf8 22. Kf2 Ke7 23. Rdd1 Rcb8 24. Ke3 Rb6 25. Rxb6 axb6 26. Rb1 Ra6 27. Kd2 Kd6 28. h4 Nb7 29. Kd3 Kc5 30. Rb3 Nd6 31. h5 h6 32. a4 Nxc4 33. Rb1 Ra7 34. Rh1 Rd7+ 35. Ke2 Rd2+ 36. Ke1 Rxc2 37. Ne2 b5 38. axb5 cxb5 39. Rh3 f5 40. exf5 exf5 41. Rg3 b4 42. Rxg7 b3 43. Rc7+ Kb5 44. Rb7+ Ka4 45. f4 b2 46. fxe5 Rc1+ 47. Kf2 b1=Q 48. Rxb1 Rxb1 49. Nc3+ Kb4 50. Nxb1 Nxe5 51. Ke3 Nd7 52. Kf4 Nf6 53. Kxf5 Nxh5 54. Nd2 Ng3+ 55. Kg4 Ne2 56. Kf5 Kc3 57. Nf3 Kd3 58. Nh4 Ke3 59. g4 Kf2 60. Ng6 Kg3 61. g5 hxg5 62. Kxg5 1/2-1/2


[Site "https://www.chess.com"]

[Event "Early Titled Tuesday Blitz | February 8 2022"]
[White "Garcia Martin, Marta"]
[Black "Yang, Kaiqi"]
[WhiteFideId "32084030"]
[BlackFideId "8604398"]
[WhiteElo "2102"]
[BlackElo "2373"]
[Result "0-1"]
[Round "07"]
[TimeControl "180+1"]
[Date "2022.02.08"]
[WhiteClock "0:00:08"]
[BlackClock "0:00:09"]

1. Nf3 Nf6 2. e3 g6 3. b3 Bg7 4. Bb2 d6 5. c4 O-O 6. Be2 e5 7. O-O Nc6 8. d4 e4 9. Nfd2 Re8 10. Nc3 h5 11. a3 a5 12. Qc2 Bf5 13. d5 Nb8 14. b4 Na6 15. Qb3 h4 16. h3 Qd7 17. Kh2 g5 18. Nb5 g4 19. Nd4 Bg6 20. Rg1 Kh7 21. g3 gxh3 22. gxh4 Rg8 23. Rg5 Bh6 24. Rag1 Rae8 25. R5g3 axb4 26. axb4 Bh5 27. Bxh5 Nxh5 28. Rg5 Bxg5 29. hxg5 Re5 30. Ne6 fxe6 31. Bxe5 dxe5 32. Nxe4 exd5 33. Qd1 Kg6 34. Qxh5+ Kxh5 35. Nf6+ Kg6 36. Nxd7 dxc4 37. Nxe5+ Kf5 38. Nxc4 Rxg5 39. e4+ Kg6 40. Ne5+ Kh5 41. Rxg5+ Kxg5 42. Kxh3 Kf4 43. b5 Kxe5 44. bxa6 bxa6 45. Kg3 Kxe4 46. Kg4 a5 47. f4 a4 48. f5 a3 49. f6 a2 50. f7 a1=Q 51. f8=Q Qg1+ 52. Kh3 Qh1+ 53. Kg3 Qg1+ 54. Kh3 Qe3+ 55. Kg2 Qe2+ 56. Kg1 Qg4+ 57. Kf2 Qf4+ 58. Qxf4+ Kxf4 59. Ke2 Ke4 60. Kd2 Kd4 0-1


[Site "https://www.chess.com"]

[Event "Early Titled Tuesday Blitz | February 8 2022"]
[White "Goldin, Roman"]
[Black "Loy, Konstantin"]
[WhiteFideId "2803860"]
[BlackFideId "14122499"]
[WhiteElo "2312"]
[BlackElo "2084"]
[Result "0-1"]
[Round "07"]
[TimeControl "180+1"]
[Date "2022.02.08"]
[WhiteClock "0:00:11"]
[BlackClock "0:00:13"]

1. d4 Nf6 2. Nf3 g6 3. g3 Bg7 4. Bg2 O-O 5. O-O c5 6. d5 b5 7. c4 d6 8. cxb5 a6 9. bxa6 Bxa6 10. Re1 Nbd7 11. Bd2 Nxd5 12. Nc3 Nxc3 13. Bxc3 Bxc3 14. bxc3 Qa5 15. Qd2 Bb7 16. Rab1 Bxf3 17. Bxf3 Ra7 18. Rb2 Ne5 19. Bd5 e6 20. f4 exd5 21. fxe5 dxe5 22. Qxd5 Qxc3 23. Rd2 Qe3+ 24. Kg2 c4 25. Rc2 Rc8 26. Rd1 Rac7 27. a4 Qc5 28. Qe4 Qc6 29. Rd5 Rd7 30. Rxe5 Qxe4+ 31. Rxe4 c3 32. Kf3 Rd2 33. Rc1 c2 34. a5 Rd1 35. Rxc2 Rxc2 36. Ra4 Rd7 0-1


[Site "https://www.chess.com"]

[Event "Early Titled Tuesday Blitz | February 8 2022"]
[White "Golsta, Madara"]
[Black "Marcziter, Dmitrii"]
[WhiteFideId "11607386"]
[BlackFideId "13900765"]
[WhiteElo "1997"]
[BlackElo "2155"]
[Result "1-0"]
[Round "07"]
[TimeControl "180+1"]
[Date "2022.02.08"]
[WhiteClock "0:00:13"]
[BlackClock "0:00:01"]

1. e4 c5 2. Nf3 a6 3. c3 d5 4. exd5 Qxd5 5. d4 Nf6 6. Be3 cxd4 7. Nxd4 e5 8. Nf3 Qxd1+ 9. Kxd1 Bg4 10. Be2 Nc6 11. h3 Bh5 12. Nbd2 Be7 13. Nh2 Bg6 14. Ng4 Nd5 15. Nc4 f6 16. Ke1 h5 17. Nh2 b5 18. Nb6 Nxe3 19. Nxa8 Nc2+ 20. Kd2 Nxa1 21. Rxa1 Kd7 22. Nb6+ Ke6 23. a4 Rd8+ 24. Ke1 Bc5 25. a5 Ne7 26. Nf3 e4 27. Nh4 Bf7 28. Bd1 Ke5 29. g3 g5 30. Ng2 f5 31. h4 f4 32. hxg5 fxg3 33. fxg3 Be6 34. Bxh5 Rh8 35. Nf4 Nd5 36. Nbxd5 Bxd5 37. Kd2 Kf5 38. Rf1 Kxg5 39. Nxd5 1-0


[Site "https://www.chess.com"]

[Event "Early Titled Tuesday Blitz | February 8 2022"]
[White "Goltseva, Ekaterina"]
[Black "Artemenko, Oleg"]
[WhiteFideId "24173770"]
[BlackFideId "14201798"]
[WhiteElo "2140"]
[BlackElo "2287"]
[Result "1-0"]
[Round "07"]
[TimeControl "180+1"]
[Date "2022.02.08"]
[WhiteClock "0:00:56"]
[BlackClock "0:00:45"]

1. d4 Nf6 2. c4 e6 3. Nc3 Bb4 4. g3 O-O 5. Bg2 d5 6. Nf3 c5 7. O-O Nc6 8. cxd5 Nxd5 9. Nxd5 Qxd5 10. dxc5 Qxd1 11. Rxd1 Bxc5 12. Bf4 f6 13. Rac1 Be7 14. Bd6 Kf7 15. Bxe7 Kxe7 16. Nd4 Bd7 17. Nxc6+ bxc6 18. Bxc6 Bxc6 19. Rxc6 Rfc8 20. Rdc1 Rcb8 21. Rc7+ Kd6 22. b3 Rg8 23. R1c6+ Ke5 24. Re7 Kf5 25. Rcxe6 a5 26. Re4 Rac8 27. Ra4 Rc5 28. Ra7 Re8 29. R4xa5 Rxa5 30. Rxa5+ Kg6 31. e3 Rc8 32. Rb5 Rc1+ 33. Kg2 Ra1 34. a4 Ra3 35. a5 Kf7 36. b4 Ke6 37. Rb6+ Kd7 38. Rb7+ Kc6 39. Rxg7 Ra4 40. Rf7 Rxb4 41. Rxf6+ Kd5 42. Rf7 Ra4 43. Rxh7 Ke6 44. Rh5 Kf6 45. Rb5 Kg6 46. h4 Ra1 47. g4 Ra2 48. Rb6+ Kg7 49. a6 Ra4 50. Kg3 Ra2 51. Rb7+ Kg6 52. a7 Ra4 53. f4 Ra5 54. h5+ Kh6 55. Rb6+ Kh7 56. g5 Rxa7 57. Kg4 Ra5 58. Rb4 Ra7 59. f5 Kg7 60. f6+ Kh7 61. e4 Rd7 62. Kf5 Rc7 63. g6+ Kh6 64. f7 Rc5+ 65. e5 Rc8 66. e6 Rc5+ 67. Kf6 Rc8 68. e7 Rc6+ 69. Ke5 Rc5+ 70. Kd6 Rc8 71. f8=Q+ Kg5 72. Qf4+ Kxh5 73. Qg4+ Kh6 74. Qxc8 Kg7 75. Qf8+ Kxg6 76. Rg4+ Kh5 77. Qf5+ 1-0


[Site "https://www.chess.com"]

[Event "Early Titled Tuesday Blitz | February 8 2022"]
[White "Goryachkina, Aleksandra"]
[Black "Vivas Zamora, Fabian Ernesto"]
[WhiteFideId "4147103"]
[BlackFideId "3902480"]
[WhiteElo "2426"]
[BlackElo "1966"]
[Result "1-0"]
[Round "07"]
[TimeControl "180+1"]
[Date "2022.02.08"]
[WhiteClock "0:00:28"]
[BlackClock "0:00:03"]

1. e4 e5 2. Nf3 Nc6 3. d4 exd4 4. Nxd4 Nf6 5. Nxc6 bxc6 6. e5 Qe7 7. Qe2 Nd5 8. g3 d6 9. c4 Nb6 10. Bg2 Bd7 11. exd6 Qxe2+ 12. Kxe2 cxd6 13. b3 Be7 14. Bb2 O-O 15. Re1 Rfe8 16. Kf1 a5 17. Nd2 a4 18. Bd4 Rab8 19. Re2 d5 20. Rae1 c5 21. Rxe7 Rxe7 22. Rxe7 cxd4 23. Bxd5 axb3 24. axb3 Nxd5 25. Rxd7 1-0


[Site "https://www.chess.com"]

[Event "Early Titled Tuesday Blitz | February 8 2022"]
[White "Guliyev, Namig"]
[Black "Vaishali, Rameshbabu"]
[WhiteFideId "13400363"]
[BlackFideId "5091756"]
[WhiteElo "2487"]
[BlackElo "2343"]
[Result "1-0"]
[Round "07"]
[TimeControl "180+1"]
[Date "2022.02.08"]
[WhiteClock "0:01:07"]
[BlackClock "0:00:01"]

1. e4 e5 2. Nf3 Nc6 3. Bb5 a6 4. Ba4 Nf6 5. O-O b5 6. Bb3 Bb7 7. d3 Be7 8. Nbd2 O-O 9. Re1 d6 10. a3 Bc8 11. Nf1 Be6 12. c3 Bxb3 13. Qxb3 Qd7 14. Ng3 Rae8 15. h3 Bd8 16. a4 Ne7 17. axb5 axb5 18. Ra7 Nc8 19. Ra6 h6 20. d4 exd4 21. cxd4 c5 22. dxc5 dxc5 23. e5 Nd5 24. Rd1 c4 25. Qa3 Qb7 26. Nf5 Bb6 27. Ra8 Re6 28. Rxc8 Rxc8 29. Nd6 Rxd6 30. Qxd6 Rd8 31. Qa3 b4 32. Qa4 Ra8 33. Qc2 Qc6 34. Qe4 Ne7 35. Qg4 c3 36. Qxb4 c2 37. Rd6 Qc5 38. Rxb6 1-0


[Site "https://www.chess.com"]

[Event "Early Titled Tuesday Blitz | February 8 2022"]
[White "Gunina, Valentina"]
[Black "Molina, Roberto Junio Brito"]
[WhiteFideId "4167570"]
[BlackFideId "2109450"]
[WhiteElo "2465"]
[BlackElo "2402"]
[Result "0-1"]
[Round "07"]
[TimeControl "180+1"]
[Date "2022.02.08"]
[WhiteClock "0:00:09"]
[BlackClock "0:01:18"]

1. d4 d5 2. c4 c6 3. Nf3 Nf6 4. Nc3 dxc4 5. e4 b5 6. Be2 e6 7. a4 b4 8. e5 bxc3 9. exf6 cxb2 10. Bxb2 Qa5+ 11. Kf1 gxf6 12. Bxc4 Ba6 13. Be2 Bxe2+ 14. Qxe2 Qa6 15. d5 cxd5 16. Bxf6 Rg8 17. Ne5 Qxe2+ 18. Kxe2 Nd7 19. Nxd7 Kxd7 20. Rab1 Bc5 21. Rb7+ Kd6 22. Rc1 Bb6 23. f4 Rxg2+ 24. Kd3 e5 25. Bxe5+ Ke6 26. Rc6+ Kf5 27. Rxf7+ Kg4 28. Rxh7 Ra2 29. Rg7+ Kf3 30. Rcg6 Ra3+ 31. Kd2 Be3+ 32. Kd1 Rc8 33. Rg3+ Ke4 34. Ke2 Ra2+ 0-1


[Site "https://www.chess.com"]

[Event "Early Titled Tuesday Blitz | February 8 2022"]
[White "Gupta, Abhijeet"]
[Black "Orozbaev, Eldiar"]
[WhiteFideId "5010608"]
[BlackFideId "13802240"]
[WhiteElo "2549"]
[BlackElo "2050"]
[Result "1-0"]
[Round "07"]
[TimeControl "180+1"]
[Date "2022.02.08"]
[WhiteClock "0:00:07"]
[BlackClock "0:00:05"]

1. Nf3 d5 2. c4 c6 3. g3 Nf6 4. Bg2 e6 5. O-O Be7 6. b3 O-O 7. Bb2 b5 8. d3 Bb7 9. Nbd2 Nbd7 10. Qc2 a5 11. e4 a4 12. e5 Ne8 13. a3 axb3 14. Nxb3 bxc4 15. dxc4 Ba6 16. Nbd2 Nc5 17. Rfd1 Qa5 18. Nd4 Rc8 19. Rac1 Qa4 20. Bf1 Qxc2 21. Rxc2 Na4 22. Ba1 c5 23. cxd5 Bxf1 24. Nxf1 exd5 25. Nf5 Rc7 26. N1e3 Ra7 27. Nxd5 Bd8 28. Kg2 Nc7 29. Nde7+ Bxe7 30. Nxe7+ Kh8 31. Rd7 Nb6 32. Rd3 c4 33. Rf3 Nb5 34. Rb2 Nd4 35. Rf4 c3 36. Rxb6 c2 37. Bb2 Ne2 38. Re4 c1=Q 39. Bxc1 Nxc1 40. Nc6 Rxa3 41. Rb7 Nd3 42. Re3 Nc5 43. Rxa3 Nxb7 44. f4 Nc5 45. Ra7 Ne6 46. f5 Nc5 47. Kf3 Rc8 48. Nd4 Kg8 49. g4 Rd8 50. Ke3 Rb8 51. Nc6 Re8 52. Kd4 Nb3+ 53. Kd5 Nc1 54. Ra3 Ne2 55. Ra7 Nf4+ 56. Kd6 Nh3 57. Kd7 Rf8 58. e6 fxe6 59. fxe6 Ng5 60. e7 Rf7 61. Ra8+ 1-0


[Site "https://www.chess.com"]

[Event "Early Titled Tuesday Blitz | February 8 2022"]
[White "Guseva, Marina"]
[Black "Pinheiro, Iung Alicio de O."]
[WhiteFideId "4149351"]
[BlackFideId "2104350"]
[WhiteElo "2232"]
[BlackElo "2598"]
[Result "0-1"]
[Round "07"]
[TimeControl "180+1"]
[Date "2022.02.08"]
[WhiteClock "0:00:02"]
[BlackClock "0:00:16"]

1. d4 Nf6 2. Nf3 g6 3. g3 Bg7 4. Bg2 O-O 5. O-O d6 6. c4 c6 7. Nc3 Qa5 8. h3 Be6 9. Nd2 Qb6 10. d5 cxd5 11. cxd5 Bd7 12. a4 Rc8 13. a5 Qd8 14. e4 Na6 15. Re1 Nb4 16. Nf3 Na6 17. e5 dxe5 18. Nxe5 Be8 19. Bg5 Rab8 20. Ng4 Nxg4 21. Bxe7 Nxf2 22. Bxd8 Nxd1 23. Rxe8+ Bf8 24. Rxd1 Rxd8 25. Rxd8 Rxd8 26. Nb5 Nb4 27. Kh2 a6 28. Nc3 Nc2 29. Ne4 Ne3 30. Rd3 Nc4 31. b3 Nd6 32. Nc5 Re8 33. h4 Re2 34. Kh3 h5 35. Nd7 Bg7 36. b4 Re7 37. Nb6 Re2 38. Rd1 Be5 39. Rd3 Rb2 40. Re3 f6 41. Nd7 Nf5 42. Rxe5 fxe5 43. Nxe5 Kg7 44. d6 Nxd6 45. Nd3 Rb3 46. Bf1 Ne4 47. Kg2 Nd2 48. Be2 Nc4 0-1


[Site "https://www.chess.com"]

[Event "Early Titled Tuesday Blitz | February 8 2022"]
[White "Haddouche, Mohamed"]
[Black "Pourramezanali, Amirreza"]
[WhiteFideId "7900660"]
[BlackFideId "12511412"]
[WhiteElo "2443"]
[BlackElo "2376"]
[Result "0-1"]
[Round "07"]
[TimeControl "180+1"]
[Date "2022.02.08"]
[WhiteClock "0:00:17"]
[BlackClock "0:01:18"]

1. e4 e6 2. d4 d5 3. Nd2 Be7 4. Ngf3 Nf6 5. Bd3 c5 6. e5 Nfd7 7. c3 Nc6 8. O-O a5 9. Re1 cxd4 10. cxd4 Qb6 11. Nf1 Nxd4 12. Ng3 Nxf3+ 13. Qxf3 Qb4 14. Re2 g6 15. Bd2 Qxb2 16. Rb1 Qd4 17. Bb5 O-O 18. Bc3 Qh4 19. Rd1 Nc5 20. Rd4 Qh6 21. Bd2 Qg7 22. Rg4 f5 23. exf6 Qxf6 24. h4 Qa1+ 25. Re1 Qxe1+ 26. Bxe1 Rxf3 27. gxf3 e5 0-1


[Site "https://www.chess.com"]

[Event "Early Titled Tuesday Blitz | February 8 2022"]
[White "Haukenfrers, Dale"]
[Black "Ashiev, Eduard"]
[WhiteFideId "2603780"]
[BlackFideId "4130090"]
[WhiteElo "1990"]
[BlackElo "2004"]
[Result "0-1"]
[Round "07"]
[TimeControl "180+1"]
[Date "2022.02.08"]
[WhiteClock "0:00:36"]
[BlackClock "0:00:02"]

1. e3 d5 2. Nf3 Nf6 3. c3 c5 4. d4 Nbd7 5. Nbd2 g6 6. Bd3 Bg7 7. O-O O-O 8. Ne5 Qc7 9. f4 b6 10. Qf3 a5 11. Rf2 Bb7 12. g4 Ne8 13. Qh3 Nd6 14. Nxd7 Qxd7 15. f5 e5 16. f6 Bh8 17. dxe5 Ne4 18. Bxe4 dxe4 19. Nxe4 Bxe4 20. Rd2 Qe6 21. Qg3 Rfe8 22. Rd6 Qxe5 23. Qxe5 Rxe5 24. Rxb6 g5 25. h4 h6 26. b4 axb4 27. cxb4 cxb4 28. Bb2 Re6 29. Rxb4 Rae8 30. a4 Bxf6 31. Bxf6 Rxf6 32. hxg5 hxg5 33. a5 Ra6 34. Kh2 Kg7 35. Kg3 Bd5 36. Rb5 Be6 37. Rxg5+ Kf6 38. Rb5 Rg8 39. g5+ Rxg5+ 40. Rxg5 Kxg5 41. e4 Bd7 42. e5 Kf5 43. e6 Bxe6 44. Kf3 Ke5 45. Ke3 Kd5 46. Kd3 Kc5 47. Kc3 Kb5 48. Re1 Rxa5 49. Rb1+ Kc5 50. Rg1 Ra3+ 51. Kb2 Rb3+ 52. Ka1 Rb4 53. Rc1+ Kd6 54. Rh1 Ke7 55. Re1 Rc4 56. Rf1 f5 57. Rh1 Kf6 58. Rh7 Ke5 59. Rh5 Bd5 60. Rh2 Ke4 61. Kb2 f4 62. Re2+ Kf3 63. Re5 Be4 64. Kb3 Rc8 65. Re8 Ke3 66. Rxc8 f3 67. Rf8 f2 68. Kc3 Bf3 69. Re8+ Kf4 70. Rf8+ Kg3 71. Rg8+ Kh4 72. Rh8+ Kg5 73. Rg8+ Kf6 74. Rg2 Bxg2 75. Kd4 f1=Q 76. Ke3 Qf3+ 77. Kd2 Qb3 78. Ke1 Qb2 79. Kd1 Bf3+ 80. Ke1 Qe2# 0-1


[Site "https://www.chess.com"]

[Event "Early Titled Tuesday Blitz | February 8 2022"]
[White "Hess, Robert"]
[Black "Gabrielian, Artur"]
[WhiteFideId "2022036"]
[BlackFideId "4131002"]
[WhiteElo "2557"]
[BlackElo "2440"]
[Result "1-0"]
[Round "07"]
[TimeControl "180+1"]
[Date "2022.02.08"]
[WhiteClock "0:00:12"]
[BlackClock "0:00:52"]

1. b3 Nf6 2. Bb2 g6 3. h3 Bg7 4. d3 O-O 5. Nd2 d5 6. e3 c5 7. Ne2 Nc6 8. a3 e5 9. g4 Re8 10. Bg2 a5 11. Ng3 a4 12. g5 Nd7 13. Bxd5 Nb6 14. Bxc6 bxc6 15. Nde4 axb3 16. cxb3 Nd5 17. Rc1 Rb8 18. Rxc5 Ba6 19. Rxc6 Bb5 20. Rd6 Qa5+ 21. b4 Qa8 22. O-O Rbd8 23. Qb3 Ba4 24. Qxd5 Qxd5 25. Rxd5 Rxd5 26. Nc3 Rxd3 27. Nxa4 Rb3 28. Ne4 Rd3 29. Nac5 Rd5 30. a4 Ra8 31. b5 Rdd8 32. b6 Rdb8 33. Nd7 Rd8 34. Nef6+ Bxf6 35. Nxf6+ Kf8 36. Bxe5 1-0


[Site "https://www.chess.com"]

[Event "Early Titled Tuesday Blitz | February 8 2022"]
[White "Howell, David W L"]
[Black "De Silva, L M S T"]
[WhiteFideId "410608"]
[BlackFideId "9953698"]
[WhiteElo "2559"]
[BlackElo "1631"]
[Result "1/2-1/2"]
[Round "07"]
[TimeControl "180+1"]
[Date "2022.02.08"]
[WhiteClock "0:00:01"]
[BlackClock "0:00:16"]

1. e4 e5 2. Bc4 Nf6 3. d3 Nc6 4. Nc3 Bc5 5. f4 d6 6. Nf3 h6 7. a3 Be6 8. Bb5 Bg4 9. h3 Bd7 10. Bxc6 Bxc6 11. fxe5 dxe5 12. Qe2 Nh5 13. Nxe5 Qh4+ 14. Kd1 Ng3 15. Qf3 Nxh1 16. Qxf7+ Kd8 17. Nd5 Bd6 18. Ng6 Be8 19. Qxe8+ Kxe8 20. Nxh4 Ng3 21. Ng6 Rg8 22. e5 c6 23. exd6 cxd5 24. Bf4 Nf5 25. g4 Nd4 26. c3 Ne6 27. Bg3 Kd7 28. Kd2 Nf8 29. Ne7 Rh8 30. Rf1 h5 31. g5 h4 32. Be5 Ne6 33. Rf7 Ke8 34. g6 Rh6 35. d4 Rxg6 36. Nxg6 Kxf7 37. Nxh4 Rh8 38. Nf5 Rxh3 39. Ne3 g5 40. Nxd5 g4 41. Ke2 1/2-1/2


[Site "https://www.chess.com"]